 Dungeon Crawl Stone Soup version 0.29-a0-416-g83a48905f1 (webtiles) character file.

Game seed: 815695760585658953

199 xian the Slasher (level 5, -19/45 HPs)
             Began as a Ghoul Gladiator on May 16, 2022.
             Was a Follower of Okawaru.
             Demolished by an ogre
             ... wielding a +0 giant club
              (33 damage)
             ... on level 3 of the Dungeon.
             The game lasted 00:07:25 (3370 turns).

xian the Slasher (Ghoul Gladiator)                  Turns: 3370, Time: 00:07:25

Health: -19/45     AC:  5    Str: 20    XL:     5   Next: 77%
Magic:  4/4        EV: 12    Int:  3    God:    Okawaru [*.....]
Gold:   109        SH:  0    Dex: 10    Spells: 3/4 levels left

rFire   . . .      SeeInvis .   a - +0 long sword
rCold   + . .      Faith    .   (no shield)
rNeg    + + +      Spirit   .   b - +0 leather armour
rPois   ∞          Reflect  .   c - +0 helmet
rElec   .          Harm     .   (no cloak)
rCorr   .          Rampage  .   (no gloves)
Will    .....                   j - +0 pair of boots
Stlth   +.........              v - amulet of magic regeneration
HPRegen 0.00/turn               (no ring)
MPRegen 0.49/turn               (no ring)

@: inhibited regen
A: claws 1, cold resistance 1, negative energy resistance 3, inhibited
regeneration, torment resistance 2, devour on kill
a: Renounce Religion, Heroism


You were on level 3 of the Dungeon.
You worshipped Okawaru.
Okawaru was aware of your devotion.
You visited 1 branch of the dungeon, and saw 4 of its levels.

You collected 109 gold pieces.

Inventory:

Hand Weapons
 a - a +0 long sword (weapon)
Missiles
 e - a javelin (quivered)
 h - 8 poisoned darts
Armour
 b - a +0 leather armour (worn)
 c - a +0 helmet (worn)
 j - a +0 pair of boots (worn)
Jewellery
 v - an amulet of magic regeneration (around neck)
Scrolls
 m - a scroll of fog {unknown}
 o - a scroll of acquirement {unknown}
 q - a scroll of brand weapon {unknown}
 r - a scroll of identify {unknown}
 s - a scroll of blinking {unknown}
 t - a scroll of enchant weapon {unknown}
Potions
 g - a potion of attraction {unknown}
 i - 2 potions of lignification {unknown}
 k - a potion of might {unknown}
 l - a potion of cancellation {unknown}
 n - a potion of heal wounds {unknown}
 p - a potion of mutation {unknown}
 u - a potion of curing {unknown}
 w - a potion of haste {unknown}


   Skills:
 + Level 3.4 Fighting
 + Level 4.0 Long Blades
 + Level 1.9 Throwing
 + Level 1.6 Armour
 + Level 3.4 Dodging
 + Level 0.6 Stealth
 + Level 0.5 Unarmed Combat


You had 3 spell levels left.
You knew the following spells:

 Your Spells              Type           Power      Damage    Failure   Level
a - Freeze                Ice            0%         1d3       56%         1

Your spell library contained the following spells:

 Spells                   Type           Power      Damage    Failure   Level
 Corpse Rot               Necr/Air       0%         N/A       71%         2
 Poisonous Vapours        Pois/Air       0%         N/A       71%         2
 Frozen Ramparts          Ice            0%         1d2       91%         3
 Hailstorm                Conj/Ice       0%         3d3       100%        4
 Malign Gateway           Summ/Tloc      Unusable   N/A       N/A         7
 Summon Horrible Things   Summ           Unusable   N/A       N/A         8

Dungeon Overview and Level Annotations

Branches:
Dungeon (4/15)             Temple (0/1) D:4

Altars:
Okawaru


Innate Abilities, Weirdness & Mutations

You are immune to poison.
You have sharp fingernails.
Your flesh is cold resistant. (rC+)
You are immune to negative energy. (rN+++)
You do not regenerate when monsters are visible.
You are immune to unholy pain and torment.
You thrive by killing the living.


Message History

There is a stone staircase leading up here.
The ogre closely misses you.
The orc wizard gestures at you while chanting.
You resist with some effort.
You climb upwards.
There is a stone staircase leading down here.
Unknown command.
You throw a throwing net. The throwing net hits the ogre.
The ogre is caught in the net!
The ogre struggles against the net.
You slash the ogre!
The ogre is moderately wounded.
The ogre struggles against the net.
You completely miss the ogre.
The ogre is moderately wounded.
The ogre struggles against the net.
You slash the ogre!
The ogre is heavily wounded.
The ogre struggles against the net.
You hit the ogre but do no damage.
The ogre is heavily wounded.
The ogre struggles against the net.
You hit the ogre.
The ogre is severely wounded.
The ogre struggles against the net.
The net rips apart, and the ogre comes free!
The ogre hits you with a +0 giant club!
You are too injured to fight recklessly!
Throw: 2 throwing nets
Press: ? - help, Q - select action, (/) - cycle Shift-Dir - straight line, f/p - ogre
Aim: an ogre, wielding a +0 giant club (severely wounded, 72% to hit)
You throw a throwing net.
The throwing net completely misses the ogre.
Throw: throwing net
Press: ? - help, Q - select action, (/) - cycle Shift-Dir - straight line, f/p - ogre
Aim: an ogre, wielding a +0 giant club (severely wounded, 72% to hit)
You throw a throwing net.
The throwing net barely misses the ogre.
The ogre hits you with a +0 giant club!!
Ouch! That really hurt!
You die...

#..................#..###.#..#
####..#...##..##.................
................................#
#####.#..........................
#.#..(....##.................
#.#...##.###..###.#..........
#.#...##.# #..# #........#.##
#.#...##.# #..# #.##.##..#.#
##.#...##.###@.###.##.##.##.##
#.............O...............
#..##..##.##...###.....#.##.##
#..##...........#####.##.##.#
#...............#####.......##
#..##.........................
####..##..######...#####.##.....#
#...............................#
#.##..##..######.≈≈≈≈≈≈≈.###8..8#


You could see an ogre.

Vanquished Creatures
  A scorpion (D:3)
  An orc priest (D:3)
  5 adders
  2 worms (D:2)
  4 dart slugs
  3 orcs (D:3)
  2 ball pythons
  5 endoplasms
  2 giant cockroaches (D:2)
  4 jackals (D:2)
  2 quokkas
  3 bats
  2 frilled lizards
  2 goblins
  7 kobolds
  7 rats
52 creatures vanquished.

Notes
Turn   | Place    | Note
-------+----------+-------------------------------------------
     0 | D:1      | xian the Ghoul Gladiator began the quest for the Orb.
     0 | D:1      | Reached XP level 1. HP: 17/17 MP: 0/0
   142 | D:1      | Reached XP level 2. HP: 22/25 MP: 1/1
   967 | D:2      | Reached skill level 3 in Long Blades
  1000 | D:2      | Reached XP level 3. HP: 8/30 MP: 2/2
  1341 | D:2      | Found a faded altar of an unknown god.
  1372 | D:2      | Prayed at the altar of an unknown god.
  1372 | D:2      | Became a worshipper of Warmaster Okawaru
  1372 | D:2      | Reached * piety under Okawaru
  1421 | D:2      | Learned a level 1 spell: Freeze
  1588 | D:2      | Reached XP level 4. HP: 33/37 MP: 3/3
  1898 | D:3      | Reached skill level 1 in Armour
  2146 | D:3      | Reached XP level 5. HP: 44/45 MP: 4/4
  2224 | D:3      | Reached skill level 4 in Long Blades
  3116 | D:4      | Found a staircase to the Ecumenical Temple.
  3127 | D:4      | Noticed an ogre
  3370 | D:3      | Demolished by an ogre

Illustrated notes

Levels and vault maps discovered:
D:1:      minmay_arrival_stone_box, layout_basic, serial_corexii_hall,
          corexii_hall_statues_u, corexii_hall_statues_i,
          corexii_hall_statues_i, serial_bayou_pond_a
D:2:      layout_rooms, hellmonk_ecumenical_altar_dog_temple
D:3:      wander_river, layout_basic
D:4:      layout_cave_pools, minmay_temple_entry_proselytizer, hex_medium,
          chequers_arboretum, uniq_crazy_yiuf_cottage

Skill      XL: |  1  2  3  4  5 |
---------------+----------------+-----
Long Blades    | 3 4 |  4.0
Dodging        | 3 |  3.4
Fighting       | 3 |  3.4
Armour         | 1 |  1.6
Throwing       | |  1.9
Stealth        | |  0.6
Unarmed Combat | |  0.5

Action                   |  1- 3 |  4- 6 || total
-------------------------+-------+-------++-------
Melee: Long sword        |    86 |    97 ||   183
       Unarmed           |    22 |       ||    22
Throw: Throwing net      |       |     3 ||     3
Invok: Heroism           |       |     3 ||     3
  Use: Scroll            |       |     1 ||     1
Armor: Leather armour    |    38 |    29 ||    67
Dodge: Dodged            |   110 |    54 ||   164

Table legend: (Time is in decaauts)
 A = Elapsed time spent in this place.
 B = Non-inter-level travel time spent in this place.
 C = Inter-level travel time spent in this place.
 D = Time resting spent in this place.
 E = Time spent auto-exploring this place.
 F = Levels seen in this place.
 G = Mean time per level.
                   A        B        C        D        E       F      G
               +--------+--------+--------+--------+--------+-----+--------+
         Total |   3416 |   3368 |     48 |    639 |   2041 |   4 |  854.0 |
       Dungeon |   3416 |   3368 |     48 |    639 |   2041 |   4 |  854.0 |
               +--------+--------+--------+--------+--------+-----+--------+

Top non-repeatable levels by time:
     D:3: 1541 daAuts
     D:1: 945 daAuts
     D:2: 909 daAuts
     D:4: 19 daAuts
